 Dungeon Sprint DCSS version 0.28.0 (webtiles) character file.

Game seed: 9273376077848116675

161 AmazingTV the Ducker (level 5, 0/51 HPs)
             Began as a Minotaur Abyssal Knight on July 28, 2022.
             Was an Elder of Lugonu.
             Slain by an unseen horror (4 damage)
             ... in the Dungeon (Sprint IX: "|||||||||||||||||||||||||||||").
             The game lasted 00:03:27 (536 turns).

AmazingTV the Ducker (Minotaur Abyssal Knight)       Turns: 536, Time: 00:03:27

Health: 0/51       AC:  7    Str: 20    XL:     5   Next: 19%
Magic:  7/7        EV: 13    Int: 10    God:    Lugonu [****..]
Gold:   0          SH:  0    Dex: 10    Spells: 4/4 levels left

rFire   . . .      SeeInvis .   a - +1 mace {mace}
rCold   . . .      Faith    .   (no shield)
rNeg    . . .      Spirit   .   b - +0 leather armour
rPois   .          Reflect  .   (helmet restricted)
rElec   .          Harm     .   q - +0 cloak
rCorr   .          Rampage  .   r - +0 pair of gloves
Will    .....      NoTele   +   (no boots)
Stlth   +.........              (no amulet)
HPRegen 0.17/turn               t - +3 ring of intelligence
MPRegen 0.10/turn               u - +2 ring of protection

@: no status effects
A: horns 2, retaliatory headbutt
a: Renounce Religion, Bend Space, Banish, Corrupt


You were in the Dungeon.
You worshipped Lugonu.
Lugonu was greatly pleased with you.
You visited 1 branch


Innate Abilities, Weirdness & Mutations

You have a pair of horns on your head.
You reflexively headbutt those who attack you in melee.


   Skills:
 + Level 6.7 Fighting
 + Level 6.1 Maces & Flails
 - Level 2.4 Armour
 * Level 7.3 Dodging
 + Level 4.9 Invocations


You had 4 spell levels left.
You didn't know any spells.
Your spell library was empty.

Inventory:

Hand Weapons
 a - a +1 mace (weapon) {mace}
 k - a +2 scimitar of flaming {long}
   (You found it in the Dungeon)
 l - a +2 halberd of protection {polearm}
   (You found it in the Dungeon)
 m - a +2 dire flail of protection {mace}
   (You found it in the Dungeon)
 n - a +3 war axe of freezing {axe}
   (You found it in the Dungeon)
 o - a +2 rapier of draining {short}
   (You found it in the Dungeon)
Missiles
 i - 3 boomerangs (quivered)
Armour
 b - a +0 leather armour (worn)
 q - a +0 cloak (worn)
   (You found it in the Dungeon)
 r - a +0 pair of gloves (worn)
   (You found it in the Dungeon)
 s - a +1 chain mail
   (You found it in the Dungeon)
Jewellery
 t - a +3 ring of intelligence (left hand)
   (You found it in the Dungeon)
 u - a +2 ring of protection (right hand)
   (You found it in the Dungeon)
Wands
 p - a wand of acid (10)
   (You found it in the Dungeon)
Scrolls
 h - 2 scrolls of blinking {!r}
Potions
 c - a potion of curing {@q1}
 d - a potion of heal wounds {@q2}
 e - a potion of haste {@q3}
 f - 4 potions of magic
 g - a potion of berserk rage {!q}
 j - a potion of invisibility

Dungeon Overview and Level Annotations

Branches:
Dungeon (1/1)

Altars:
Cheibriados
Dithmenos
Elyvilon
Fedhas
Gozag
Hepliaklqana
Kikubaaqudgha
Makhleb
Nemelex Xobeh
Okawaru
Qazlal
Ru
Sif Muna
Trog
Uskayaw
Vehumet
Wu Jian
Xom
Yredelemnul
Zin
The Shining One
Beogh
Jiyva
Lugonu

▓_▓
▓_▓
▓_▓
▓_▓
▓_▓
▓_▓
▓_▓
▓'▓
▓@▓
▓?▓
▓)▓
▓Y▓
▓.▓
▓.▓
▓.▓
▓)▓
▓.▓


You could see a yak.


Message History

You sock the ball python zombie!
You destroy the ball python zombie!
Lugonu accepts your kill. Something hits you.
Deactivating autopickup; reactivate with Ctrl-A. 😕 HP[-1]
You take 1 damage, and now have 50/51 hp.
Something hits you! 😕 HP[-7]
You take 7 damage, and now have 43/51 hp.
Something barely misses you.
The yak bellows!
Something hits you. x2 😕 HP[-4]
You take 4 damage, and now have 39/51 hp.
You closely miss something. Something hits you but does no damage.
Something hits you. 😮 HP[-6]
You take 6 damage, and now have 33/51 hp.
You hit something. Something barely misses you. Something hits you. 😮 HP[-4]
You take 4 damage, and now have 29/51 hp.
Something hits you.
* * * LOW HITPOINT WARNING * * *
😨 HP[-5]
You take 5 damage, and now have 24/51 hp.
Something hits you!
* * * LOW HITPOINT WARNING * * *
Something hits you.
* * * LOW HITPOINT WARNING * * *
You see here a +0 lajatang {staff}. 😱 HP[-12]
You take 12 damage, and now have 12/51 hp.
MASSIVE DAMAGE!! (PAUSE)
You barely miss something. Your headbutt misses something.
Something hits you but does no damage.
You hit something but do no damage. Something hits you.
* * * LOW HITPOINT WARNING * * *
😱 HP[-5]
You take 5 damage, and now have 7/51 hp.
You feel much better. Something hits you. 😮 HP[+24]
You regained 24 hp, and now have 31/51 hp.
Something hits you.
Something hits you but does no damage. 😮 HP[-5]
You take 5 damage, and now have 26/51 hp.
Something hits you.
* * * LOW HITPOINT WARNING * * *
You see here a +0 lajatang {staff}. 😨 HP[-3]
You take 3 damage, and now have 23/51 hp.
Something hits you.
* * * LOW HITPOINT WARNING * * *
You see here 2 scrolls of amnesia. 😨 HP[-5]
You take 5 damage, and now have 18/51 hp.
You closely miss something. Something hits you but does no damage.
Something hits you.
* * * LOW HITPOINT WARNING * * *
You see here a +0 lajatang {staff}. 😱 HP[-6]
You take 6 damage, and now have 12/51 hp.
Something completely misses you. Something hits you.
* * * LOW HITPOINT WARNING * * *
You see here 2 scrolls of amnesia. 😱 HP[-3]
You take 3 damage, and now have 9/51 hp.
You hit something. Your headbutt misses something. Something hits you.
* * * LOW HITPOINT WARNING * * *
Something hits you.
* * * LOW HITPOINT WARNING * * *
😱 HP[-5]
You take 5 damage, and now have 4/51 hp.
You feel much better. Something hits you but does no damage.
Something hits you.
* * * LOW HITPOINT WARNING * * *
😨 HP[+12]
You regained 12 hp, and now have 16/51 hp.
You hit something but do no damage. Your headbutt misses something.
Something hits you but does no damage.
You closely miss something.
Something hits you but does no damage. x2
You barely miss something. Something hits you but does no damage.
Something completely misses you. Something hits you but does no damage.
You barely miss something. You headbutt something. Something hits you.
* * * LOW HITPOINT WARNING * * *
Something hits you but does no damage. 😱 HP[-4]
You take 4 damage, and now have 12/51 hp.
You miss something. Something hits you but does no damage. Something hits you.
* * * LOW HITPOINT WARNING * * *
😱 HP[-1]
You take 1 damage, and now have 11/51 hp.
You barely miss something. Something hits you but does no damage.
You hit something. Something hits you!
* * * LOW HITPOINT WARNING * * *
😱 HP[-7]
You take 7 damage, and now have 4/51 hp.
Something hits you.
You die...

Skill      XL: |  1  2  3  4 |
---------------+-------------+-----
Dodging        | 2 4 5 7 |  7.3
Invocations    | 2 3 4 |  4.9
Fighting       | 4 5 6 |  6.7
Maces & Flails | 3 4 6 |  6.1
Armour         | |  2.4

Action                   |  1- 3 |  4- 6 || total
-------------------------+-------+-------++-------
Melee: Mace              |    18 |    34 ||    52
       Headbutt          |     2 |     4 ||     6
  Use: Potion            |       |     6 ||     6
Armor: Leather armour    |       |    24 ||    24
Dodge: Dodged            |    10 |    15 ||    25

Levels and vault maps discovered:
D:        linesprint [early_d, line_temple, items_1, d_10, items_2, lair_1,
          lair_end, items_3, orc_1, orc_end, items_4, d_15, swamp_1, shoals_1,
          snake_1, spider_1, d_20, vaults_1, items_5, swamp_end, shoals_end,
          snake_end, spider_end, vaults_end, d_27, items_6, zot_1, zot_end,
          crypt_end, forest_end, elf_end, slime_end, tomb_end, abyss_end,
          pan_hell_end]

Notes
Turn   | Place    | Note
-------+----------+-------------------------------------------
     0 | D        | AmazingTV the Minotaur Abyssal Knight began the quest for
                  | the Orb.
     0 | D        | Reached XP level 1. HP: 19/19 MP: 1/1
     0 | D        | magus.rc [v1.9.6]
     6 | D        | Reached ** piety under Lugonu
     7 | D        | Reached skill level 2 in Dodging
     7 | D        | Reached skill level 2 in Invocations
     9 | D        | Reached skill level 4 in Fighting
    10 | D        | Reached skill level 3 in Maces & Flails
    18 | D        | Noticed a jelly
    18 | D        | Noticed an iguana
    19 | D        | Reached *** piety under Lugonu
    25 | D        | Reached XP level 2. HP: 18/27 MP: 2/2
    27 | D        | Reached skill level 5 in Fighting
    27 | D        | Reached skill level 4 in Maces & Flails
    27 | D        | Reached skill level 4 in Dodging
    27 | D        | Reached skill level 3 in Invocations
    27 | D        | Reached XP level 3. HP: 20/36 MP: 2/4
    31 | D        | Reached skill level 5 in Dodging
    31 | D        | Reached **** piety under Lugonu
    32 | D        | Reached XP level 4. HP: 21/42 MP: 2/5
   181 | D        | Found a snail-covered altar of Cheibriados.
   181 | D        | Found a shadowy altar of Dithmenos.
   181 | D        | Found a white marble altar of Elyvilon.
   181 | D        | Found a blossoming altar of Fedhas.
   181 | D        | Found an opulent altar of Gozag.
   182 | D        | Found a hazy altar of Hepliaklqana.
   183 | D        | Found a viscous altar of Jiyva.
   184 | D        | Found an ancient bone altar of Kikubaaqudgha.
   185 | D        | Found a corrupted altar of Lugonu.
   186 | D        | Found a burning altar of Makhleb.
   187 | D        | Found a sparkling altar of Nemelex Xobeh.
   188 | D        | Found an iron altar of Okawaru.
   189 | D        | Found a stormy altar of Qazlal.
   190 | D        | Found a sacrificial altar of Ru.
   191 | D        | Found a shimmering blue altar of Sif Muna.
   192 | D        | Found a bloodstained altar of Trog.
   193 | D        | Found a hide-covered altar of Uskayaw.
   194 | D        | Found a radiant altar of Vehumet.
   195 | D        | Found an ornate altar of the Wu Jian Council.
   196 | D        | Found a shimmering altar of Xom.
   197 | D        | Found a basalt altar of Yredelemnul.
   198 | D        | Found a glowing silver altar of Zin.
   199 | D        | Found a glowing golden altar of the Shining One.
   254 | D        | Noticed a kobold brigand
   254 | D        | Noticed a yak
   259 | D        | Killed a kobold brigand
   260 | D        | Reached skill level 6 in Fighting
   260 | D        | Reached skill level 5 in Maces & Flails
   260 | D        | Reached skill level 6 in Dodging
   260 | D        | Reached skill level 4 in Invocations
   265 | D        | HP: 9/45 [poisoned by an orc wizard]
   268 | D        | HP: 2/45 [something/magic dart (6)]
   273 | D        | HP: 11/45 [poisoned by an orc wizard]
   280 | D        | Reached skill level 6 in Maces & Flails
   280 | D        | Reached skill level 7 in Dodging
   280 | D        | Reached XP level 5. HP: 13/51 MP: 7/7
   517 | D        | HP: 12/51 [something (4)]
   525 | D        | HP: 12/51 [something (6)]
   527 | D        | HP: 4/51 [something (4)]
   532 | D        | HP: 12/51 [something (5)]
   535 | D        | HP: 4/51 [something (7)]
   536 | D        | Slain by an unseen horror

Vanquished Creatures
  A kobold brigand (D)
  A jelly (D)
  An iguana (D)
  An orc wizard (D)
  2 orcs (D)
  A bat zombie (D)
  An endoplasm (D)
  3 goblins (D)
  A ball python zombie (D)
  A frilled lizard (D)
  A quokka skeleton (D)
14 creatures vanquished.

Table legend:
 A = Non-vault XP
 B = Vault XP
 C = Vault XP percentage of total XP
 D = Non-vault monster count
 E = Vault monster count
 F = Vault count percentage of total count
                 A         B        C        D         E       F
            +---------+---------+-------+---------+---------+-------
      Total |       0 |     231 | 100.0 |       0 |      14 | 100.0
            +---------+---------+-------+---------+---------+-------
          D |       0 |     231 | 100.0 |       0 |      14 | 100.0
            +---------+---------+-------+---------+---------+-------

Illustrated notes

Table legend:
 A = Kills in this place as a percentage of kills in entire the game.
 B = Kills by you in this place as a percentage of kills by you in the entire game.
 C = Kills by friends in this place as a percentage of kills by friends in the entire game.
 D = Other kills in this place as a percentage of other kills in the entire game.
 E = Experience gained in this place as a percentage of experience gained in the entire game.
 F = Experience gained in this place divided by the number of levels of this place that you have seen.
                   A       B       C       D       E      F
               +-------+-------+-------+-------+-------+----------------------
         Total | 100.0 | 100.0 |   N/A |   N/A | 100.0 | 231.0
       Dungeon | 100.0 | 100.0 |   N/A |   N/A | 100.0 | 231.0
               +-------+-------+-------+-------+-------+----------------------

Table legend: (Time is in decaauts)
 A = Elapsed time spent in this place.
 B = Non-inter-level travel time spent in this place.
 C = Inter-level travel time spent in this place.
 D = Time resting spent in this place.
 E = Time spent auto-exploring this place.
 F = Levels seen in this place.
 G = Mean time per level.
                   A        B        C        D        E       F      G
               +--------+--------+--------+--------+--------+-----+--------+
         Total |    543 |    543 |      0 |    349 |      3 |   1 |  543.0 |
       Dungeon |    543 |    543 |      0 |    349 |      3 |   1 |  543.0 |
               +--------+--------+--------+--------+--------+-----+--------+

Top non-repeatable levels by time:
       D: 543 daAuts
